 Seeded DCSS version 0.31-a0-590-g8a5a4361df (webtiles) character file.

Game seed: 12810882534896215906 (custom seed)

800 bmack86 the Cleaver (level 7, -9/54 (57) HPs)
             Began as a Minotaur Fighter on Aug 19, 2023.
             Was an Initiate of Gozag.
             Mangled by a wight
             ... wielding a +0 scimitar
              (11 damage)
             ... on level 5 of the Dungeon.
             The game lasted 00:07:56 (3369 turns).

bmack86 the Cleaver (Minotaur Fighter)              Turns: 3369, Time: 00:07:57

HP:   -9/54 (57)    AC:  7    Str: 23    XL:     7   Next: 59%
MP:   6/6           EV:  9    Int:  5    God:    Gozag
Gold: 202           SH:  9    Dex:  9    Spells: 6/6 levels left

rFire   . . .        a - +0 war axe
rCold   . . .        c - +0 buckler
rNeg    . . .        b - +0 scale mail
rPois   +            (helmet restricted)
rElec   .            u - +1 cloak
rCorr   .            q - +0 pair of gloves
SInv    .            h - +0 pair of boots
Will    +....        k - amulet of reflection Stlth
                     g - ring of poison resistance
HPRegen 0.29/turn    i - ring of willpower
MPRegen 0.10/turn

%: reflection
@: corroded, gold aura, drained
A: horns 2, retaliatory headbutt
a: Renounce Religion, Potion Petition, Call Merchant, Bribe Branch


You were on level 5 of the Dungeon.
You worshipped Gozag.
Gozag was aware of your devotion.
You visited 2 branches of the dungeon, and saw 6 of its levels.

You collected 274 gold pieces.
You paid 72 gold pieces to Gozag.

Inventory:

Hand Weapons
 a - a +0 war axe (weapon)
Missiles
 p - 5 silver javelins (quivered)
Armour
 b - a +0 scale mail (worn)
 c - a +0 buckler (worn)
 h - a +0 pair of boots (worn)
 q - a +0 pair of gloves (worn)
 u - a +1 cloak (worn)
Jewellery
 g - a ring of poison resistance (left hand)
 i - a ring of willpower (right hand)
 k - an amulet of reflection (around neck)
 t - an amulet of magic regeneration
 w - an amulet of faith
Scrolls
 l - 2 scrolls of torment {unknown}
 o - a scroll of fear
 r - a scroll of identify
 v - a scroll of poison
Potions
 d - 3 potions of might
 e - 2 potions of degeneration {unknown}
 f - a potion of attraction {unknown}
 j - 3 potions of lignification
 m - a potion of curing
 n - a potion of ambrosia


   Skills:
 - Level 3.6 Fighting
 + Level 9.9 Axes
 - Level 3.6 Armour
 - Level 5.0 Shields


You had 6 spell levels left.
You didn't know any spells.
Your spell library contained the following spells:

 Spells                   Type           Power      Damage    Failure   Level
 Freeze                   Ice            0%         1d3       85%         1
 Cigotuvi's Dreadful Rot  Necr/Pois/Air  0%         N/A       94%         2
 Poisonous Vapours        Pois/Air       0%         N/A       94%         2
 Scorch                   Fire           0%         2d5       94%         2
 Frozen Ramparts          Ice            0%         1d1       99%         3
 Hailstorm                Conj/Ice       0%         3d3       99%         3
 Mephitic Cloud           Conj/Pois/Air  0%         N/A       99%         3
 Dispel Undead            Necr           0%         3d6       100%        4
 Flame Wave               Conj/Fire      0%         2d4       100%        4
 Manifold Assault         Tloc           0%         N/A       100%        4
 Freezing Cloud           Conj/Ice/Air   0%         6-21      100%        5
 Death Channel            Necr           0%         N/A       100%        6
 Dispersal                Tloc           0%         N/A       100%        6
 Summon Cactus Giant      Summ           0%         N/A       100%        6
 Disjunction              Tloc           0%         N/A       100%        8


Dungeon Overview and Level Annotations

Branches:
Dungeon (5/15)             Temple (1/1) D:4

Altars:
Ashenzari
Cheibriados
Dithmenos
Elyvilon
Fedhas
Gozag
Kikubaaqudgha
Nemelex Xobeh
Okawaru
Qazlal
Ru
Sif Muna
Vehumet
Xom
Zin
The Shining One

Shops:
D:2 ((*   D:3 :


Innate Abilities, Weirdness & Mutations

You have a pair of horns on your head.
You reflexively headbutt those who attack you in melee.


Message History

The wight hits you but does no damage.
There is an open door here.
You slash the wight!
The wight is severely damaged.
The wight hits you but does no damage.
You barely miss the wight.
You headbutt the wight, but do no damage.
The wight is severely damaged.
The wight barely misses you.
You hit the wight.
You destroy the wight!
You now have 202 gold pieces (gained 5).
Things that are here:
a +1 mace; a +0 robe A jelly comes into view.
A jelly is nearby!
A wight comes into view. It is wielding a +0 scimitar.
A wight comes into view. It is wielding a +3 halberd.
The wight hits you with a +0 scimitar.
You feel drained. The jelly hits you.
You are splashed with acid!
You closely miss the wight. You completely miss the jelly.
The jelly barely misses you.
The wight is distracted by your dazzling golden aura.
You closely miss the wight.
The wight is no longer distracted by gold.
You hit the jelly.
Your hands burn!
You block the jelly's attack. You block the wight's attack. The jelly hits you.
The acid corrodes you!
You are splashed with acid.
The wight hits you with a +3 halberd!
You feel drained.
* * * LOW HITPOINT WARNING * * *
You block the wight's attack.
You hit the wight.
The wight is moderately damaged.
You barely miss the wight. You hit the jelly.
Your hands burn!
* * * LOW HITPOINT WARNING * * *
The jelly barely misses you. The wight hits you with a +3 halberd!
* * * LOW HITPOINT WARNING * * *
The wight hits you with a +0 scimitar!
You die...
Your body crumbles into a pile of gold.

... ####.# ##... #.#
#..## #.# ...# ######
#.# ##.# ... ... #.#
.## ..##+ #.# #.#
#.#####..#...#..###.#
#....z...#...#....#.#
####@J###....#.##.#..
###z.#⌠.#.+#..⌠...##
#....#.........#....
#.#.###........#..#.
#.#...#...........#.
# #..)'..._...+...#
#...#.......#.....
#..####.......#####.
#.. #.........# .


You could see a jelly and 2 wights.

Vanquished Creatures
  Grinder (D:3)
  An ice beast (D:5)
  An ogre (D:5)
  A wight (D:5)
  3 orc priests
  Crazy Yiuf (D:3)
  A sleepcap (D:2)
  An iguana (D:5)
  2 orc wizards
  6 adders
  3 gnolls
  3 worms
  12 orcs
  8 ball pythons
  6 bats
  8 endoplasms
  3 giant cockroaches
  A goblin (D:1)
  3 hobgoblins
  8 kobolds
  6 quokkas
  5 rats
84 creatures vanquished.

Notes
Turn   | Place    | Note
-------+----------+-------------------------------------------
     0 | D:1      | bmack86 the Minotaur Fighter began the quest for the Orb.
     0 | D:1      | Reached XP level 1. HP: 19/19 MP: 0/0
    65 | D:1      | Reached XP level 2. HP: 26/26 MP: 1/1
   226 | D:1      | Reached skill level 3 in Axes
   326 | D:1      | Found a faded altar of an unknown god.
   484 | D:1      | Reached XP level 3. HP: 31/31 MP: 2/2
   698 | D:2      | Found Tufuub's Assorted Antiques.
   711 | D:2      | Reached skill level 5 in Shields
   757 | D:2      | Found Seyhup's Antique Weapon Emporium.
   921 | D:2      | Found a shimmering altar of Xom.
   956 | D:2      | Reached skill level 4 in Axes
   956 | D:2      | Reached XP level 4. HP: 39/39 MP: 3/3
   959 | D:2      | Found Irioch's Weapon Boutique.
  1262 | D:2      | Reached skill level 5 in Axes
  1489 | D:3      | Found Dicsir's Book Emporium.
  1537 | D:3      | Reached XP level 5. HP: 27/45 MP: 4/4
  1760 | D:3      | Noticed Grinder
  1766 | D:3      | Paralysed by Grinder for 2 turns
  1771 | D:3      | Killed Grinder
  1772 | D:3      | Reached skill level 7 in Axes
  1772 | D:3      | Reached XP level 6. HP: 16/51 MP: 5/5
  1901 | D:3      | Found a runed translucent door.
  1902 | D:3      | Noticed Crazy Yiuf
  1910 | D:3      | Killed Crazy Yiuf
  2333 | D:3      | Reached skill level 8 in Axes
  2447 | D:4      | Found a blossoming altar of Fedhas.
  2697 | D:4      | Found a staircase to the Ecumenical Temple.
  2709 | Temple   | Entered the Ecumenical Temple
  2889 | D:4      | Reached XP level 7. HP: 57/57 MP: 6/6
  3135 | D:5      | Entered Level 5 of the Dungeon
  3168 | D:5      | Reached skill level 9 in Axes
  3209 | D:5      | Found an opulent altar of Gozag.
  3217 | D:5      | Became a worshipper of Gozag Ym Sagoz the Greedy
  3266 | D:5      | Found a glowing silver altar of Zin.
  3334 | D:5      | Found a broken altar of Ashenzari.
  3369 | D:5      | HP: 2/54 [wight/+3 halberd (9)]
  3369 | D:5      | Mangled by a wight

Illustrated notes

Levels and vault maps discovered:
D:1:      dpeg_arrival_erosion, layout_basic,
          hellmonk_ecumenical_altar_crossroads
D:2:      layout_basic, basic_altar, serial_shops, shop, shop, shop,
          minmay_surrounded
D:3:      layout_loops_ring, serial_shops, nicolae_shop_hallway_plus,
          uniq_crazy_yiuf_cottage, uniq_grinder
D:4:      layout_loops_ring, fedhas_altar_2, minmay_temple_entry_sparse_star
D:5:      layout_loops_ring, evilmike_ruin_ashenzari, bloody_trog,
          mainiacjoe_overflow_surrounded_room,
          nicolae_gozag_cash_rules_everything_around_me,
          nicolae_overflow_crystal_walls
Temple:   nicolae_temple_ecumenical_triangle

Skill      XL: |  1  2  3  4  5  6  7 |
---------------+----------------------+-----
Shields        | 4 5 |  5.0
Axes           | 3 4 5 7 8 9 |  9.9
Fighting       | |  3.6
Armour         | |  3.6

Action                     |  1- 3 |  4- 6 |  7- 9 || total
---------------------------+-------+-------+-------++-------
  Melee: War axe           |    73 |    72 |    39 ||   184
         Headbutt          |    16 |    16 |     5 ||    37
    Use: Scroll            |       |     8 |       ||     8
         Potion            |       |       |     1 ||     1
 Armour: Scale mail        |    38 |    21 |    13 ||    72
  Dodge: Dodged            |    38 |    29 |    11 ||    78
  Block: Buckler           |    38 |    42 |    17 ||    97

Table legend: (Time is in decaauts)
 A = Elapsed time spent in this place.
 B = Non-inter-level travel time spent in this place.
 C = Inter-level travel time spent in this place.
 D = Time resting spent in this place.
 E = Time spent auto-exploring this place.
 F = Levels seen in this place.
 G = Mean time per level.
                   A        B        C        D        E       F      G
               +--------+--------+--------+--------+--------+-----+--------+
         Total |   3418 |   3331 |     87 |    260 |   2029 |   6 |  569.7 |
       Dungeon |   3410 |   3323 |     87 |    260 |   2029 |   5 |  682.0 |
        Temple |      7 |      7 |      0 |      0 |      0 |   1 |    7.0 |
               +--------+--------+--------+--------+--------+-----+--------+

Top non-repeatable levels by time:
     D:3: 1020 daAuts
     D:2: 796 daAuts
     D:4: 706 daAuts
     D:1: 650 daAuts
     D:5: 236 daAuts
  Temple: 7 daAuts
